Sewer Rats vs Diables

Created - December 12, 2018 at 21:55

Goals
1 2 3 OT1 T
Sewer Rats 1 1 0 0 2
Diables 1 0 1 1 3
Shots
1 2 3 OT1 T
Sewer Rats 7 13 7 0 27
Diables 12 4 11 2 29

1st period

1. Sewer Rats , Kyle Turris 6 (Ville Leino 31, Mark Mancari 20) at 2:03 (PP)
2. Diables , Nick Bjugstad 14 (Carl Gunnarsson 15) at 12:34

Penalties :
Tim Schaller (Alm) for Roughing (Minor) at 1:02, Kyle Turris (Tol) for Boarding (Minor) at 3:32

2nd period

3. Sewer Rats , Jonathan Huberdeau 8 (Joel Edmundson 9, Matt Lashoff 12) at 11:44 (PP)

Penalties :
Matt Lashoff (Tol) for Slashing (Minor) at 8:55, Taylor Beck (Alm) for High sticking (Minor) at 11:31, Nick Bjugstad (Alm) for Holding (Minor) at 11:55, Craig Smith (Alm) for Hooking (Minor) at 15:29, Craig Smith (Alm) for Hooking (Minor) at 18:01

3rd period

4. Diables , Brandon Burlon 4 (Jordan Caron 16) at 14:24 (PP)

Penalties :
Jonathan Marchessault (Tol) for Slashing (Minor) at 6:31, Anthony Duclair (Tol) for Interference (Minor) at 9:47, Jonathan Marchessault (Tol) for High sticking (Minor) at 13:43

Overtime #1

5. Diables , Jordan Caron 11 (Nick Bjugstad 23, Carl Gunnarsson 16) at 0:50

Penalties :
No Penalty

Goalie Stats

Marek Mazanek (Tol), 26 saves from 29 shots - (0.897), OTL, 17-4-2, 60:50 minutes
Garret Sparks (Alm), 25 saves from 27 shots - (0.926), W, 4-6-0, 60:50 minutes

Players Stats for Sewer Rats

Player Name              G  A  P  +/- PIM S  H  SB GA TA FO     MP     PP MP  PK MP  
------------------------------------------------------------------------------------
Anthony Duclair          0  0  0   0  2   0  1  2  0  0  0/0    11:37   0:00   0:00 
Connor Carrick           0  0  0   0  0   2  1  2  0  0  0/0    11:45   0:00   0:00 
Daniel Carr              0  0  0   0  0   0  2  0  0  0  0/0     9:41   0:15   0:00 
Dmitrij Jaskin           0  0  0   0  0   4  1  0  1  0  1/1    11:10   0:08   0:00 
Erik Condra              0  0  0  -1  0   0  0  0  0  0  0/0     6:16   2:47   2:31 
Joel Edmundson           0  1  1  -1  0   3  0  0  0  0  0/0    22:27   3:10   4:02 
Jonathan Huberdeau       1  0  1  -1  0   2  1  0  0  0  1/1    18:16   2:47   1:30 
Jonathan Marchessault    0  0  0   0  4   2  1  0  0  0  8/11   12:46   2:47   0:00 
Kyle Turris              1  0  1  -1  2   2  2  3  1  0  9/16   22:19   4:13   3:46 
Mark Mancari             0  1  1  -2  0   4  3  0  1  2  1/1    21:06   4:09   2:31 
Martin Frk               0  0  0   0  0   1  1  0  1  0  0/0    13:19   0:00   1:45 
Matt Lashoff             0  1  1  -1  2   2  2  1  1  1  0/0    26:31   4:01   3:55 
Nick Cousins             0  0  0   0  0   1  0  0  0  0  1/4    10:51   0:00   0:00 
Ryan Murphy              0  0  0  -1  0   0  1  2  0  0  0/0    21:20   3:10   3:29 
Steven Kampfer           0  0  0  -1  0   1  1  1  0  1  0/0    27:45   4:01   5:08 
Ville Leino              0  1  1   0  0   2  1  0  3  1  5/7    25:40   4:13   4:29 
William Karlsson         0  0  0   0  0   1  0  0  1  0  4/10    9:24   0:14   0:42 
Xavier Ouellet           0  0  0   0  0   0  0  0  0  0  0/0    12:25   0:00   0:40 

Players Stats for Diables

Player Name              G  A  P  +/- PIM S  H  SB GA TA FO     MP     PP MP  PK MP  
------------------------------------------------------------------------------------
Brandon Burlon           1  0  1   2  0   4  0  6  0  1  0/0    27:36   5:06   4:33 
Brian Dumoulin           0  0  0   0  0   0  3  0  1  0  0/0    18:24   3:31   2:38 
Carl Gunnarsson          0  2  2   2  0   1  0  0  0  4  0/0    20:59   0:00   4:33 
Chris Bigras             0  0  0   0  0   0  0  0  0  0  0/0     5:13   0:00   0:00 
Christian Thomas         0  0  0   0  0   0  0  0  0  1  1/2    17:20   4:07   0:08 
Craig Smith              0  0  0   0  4   2  1  0  1  0  4/8    23:29   4:30   1:29 
Daniel Zaar              0  0  0   1  0   0  0  0  0  0  0/0     2:10   0:00   0:00 
Elias Lindholm           0  0  0   0  0   0  0  0  0  0  3/6     6:07   0:00   0:00 
Jan Mursak               0  0  0   0  0   0  0  0  0  0  0/0     0:00   0:00   0:00 
Jeff Petry               0  0  0   0  0   0  0  1  0  0  0/0     5:13   0:00   0:00 
Jordan Caron             1  1  2   1  0   4  0  0  0  0  0/0    18:46   4:07   1:35 
Louis Leblanc            0  0  0   0  0   2  2  0  0  0  1/3    14:29   0:00   2:13 
Mark Fraser              0  0  0   0  0   2  0  0  0  0  0/0    15:55   3:31   2:38 
Michal Repik             0  0  0   0  0   4  0  0  0  0  1/4     8:59   0:00   2:28 
Mikko Lehtonen           0  0  0   0  0   6  1  0  0  0  1/2    12:16   0:00   0:00 
Mitchell Moroz           0  0  0   0  0   0  1  0  0  0  0/1    12:16   0:00   0:00 
Nick Bjugstad            1  1  2   2  2   1  1  0  3  1  7/17   18:32   4:30   1:20 
Oscar Klefbom            0  0  0   0  0   1  0  1  0  2  0/0    18:43   5:06   0:00 
Pavel Valentenko         0  0  0   0  0   0  0  1  0  0  0/0     9:37   0:00   0:00 
Taylor Beck              0  0  0   1  2   1  4  0  0  0  0/2    18:29   4:30   1:40 
Tim Schaller             0  0  0   0  2   1  4  1  0  0  3/6    21:31   4:07   3:29 

3 Stars

1 - Brandon Burlon (Alm)
2 - Jordan Caron (Alm)
3 - Nick Bjugstad (Alm)

Power Play

Sewer Rats - 2 on 5 Attempt(s) - 40.00%
Diables - 1 on 5 Attempt(s) - 20.00%

Penalty Kill

Sewer Rats - 4 on 5 Attempt(s) - 80.00% - Score 0 goal in Penalty Kill
Diables - 3 on 5 Attempt(s) - 60.00% - Score 0 goal in Penalty Kill

Team Stat

Sewer Rats - Hits : 18 - Faceoff Wins : 30 - Blocked Shots : 11 - Penalty Minutes : 10
Diables - Hits : 17 - Faceoff Wins : 21 - Blocked Shots : 10 - Penalty Minutes : 10

Official

Referees : Unknown
Linesman : Unknown

Game Notes

No Game Note

Finance

Level 1 -- Attendance: 1524 (76.20%) -- Ticket Income $60,960
Level 2 -- Attendance: 706 (70.60%) -- Ticket Income $14,120
Total Attendance: 2230 (74.33%)
Total Ticket Income: $75,080
Other Income: $3,754
Total Income: $78,834

Sewer Rats

5 vs 5 Forward 
   Center                   Left Wing                Right Wing               Time % Phy DF OF 
 1 Kyle Turris              Jonathan Huberdeau       Mark Mancari             35     1   2  2  
 2 Jonathan Marchessault    Ville Leino              Martin Frk               27     1   2  2  
 3 William Karlsson         Daniel Carr              Ville Leino              25     1   2  2  
 4 Nick Cousins             Anthony Duclair          Dmitrij Jaskin           13     1   2  2  

5 vs 5 Defense 
   Defense                  Defense                                           Time % Phy DF OF 
 1 Matt Lashoff             Steven Kampfer                                    40     1   2  2  
 2 Joel Edmundson           Ryan Murphy                                       30     1   2  2  
 3 Connor Carrick           Xavier Ouellet                                    20     1   2  2  
 4 Matt Lashoff             Steven Kampfer                                    10     1   2  2  

PowerPlay Forward 
   Center                   Left Wing                Right Wing               Time % Phy DF OF 
 1 Kyle Turris              Ville Leino              Mark Mancari             60     1   2  2  
 2 Jonathan Marchessault    Jonathan Huberdeau       Erik Condra              40     1   2  2  

PowerPlay Defense
   Defense                  Defense                                           Time % Phy DF OF 
 1 Matt Lashoff             Steven Kampfer                                    60     1   2  2  
 2 Joel Edmundson           Ryan Murphy                                       40     1   2  2  

Penalty Kill 4 Players Forward 
   Center                   Wing                     Time % Phy DF OF 
 1 Ville Leino              Kyle Turris              60     1   2  2  
 2 Mark Mancari             Erik Condra              40     1   2  2  

Penalty Kill 4 Players Defense
   Defense                  Defense                  Time % Phy DF OF 
 1 Matt Lashoff             Steven Kampfer           60     1   2  2  
 2 Joel Edmundson           Ryan Murphy              40     1   2  2  

Penalty Kill - 3 Players Forward 
   Forward                                           Time % Phy DF OF 
 1 Ville Leino                                       60     1   2  2  
 2 Kyle Turris                                       40     1   2  2  

Penalty Kill - 3 Players Defense
   Defense                  Defense                  Time % Phy DF OF 
 1 Matt Lashoff             Steven Kampfer           60     1   2  2  
 2 Joel Edmundson           Ryan Murphy              40     1   2  2  

4 vs 4 Forward 
   Center                   Wing                     Time % Phy DF OF 
 1 Ville Leino              Kyle Turris              60     1   2  2  
 2 Mark Mancari             Erik Condra              40     1   2  2  

4 vs 4 Defense
   Defense                  Defense                  Time % Phy DF OF 
 1 Matt Lashoff             Steven Kampfer           60     1   2  2  
 2 Joel Edmundson           Ryan Murphy              40     1   2  2  

Last Minutes Offensive
   Center                   Left Wing                Right Wing               Defense                  Defense                  
   Kyle Turris              Ville Leino              Mark Mancari             Matt Lashoff             Steven Kampfer           

Last Minutes Defensive
   Center                   Left Wing                Right Wing               Defense                  Defense                  
   Kyle Turris              Ville Leino              Mark Mancari             Matt Lashoff             Steven Kampfer           

Goaltenders
Starting : Marek Mazanek            
Backup : Antoine Bibeau           

Extra Forwards
Normal : Daniel Carr, William Karlsson, Martin Frk - PP : Daniel Carr, William Karlsson - PK : Martin Frk
Extra Defensemen
Normal : Connor Carrick, Xavier Ouellet, Joel Edmundson - PP : Connor Carrick - PK : Xavier Ouellet, Joel Edmundson
Penalty Shots
Ville Leino, Kyle Turris, Mark Mancari, Erik Condra, Jonathan Huberdeau

Scratches
Vincent Trocheck (Right Wrist Injury), Dominik Kubalik (Healthy), Mattias Ekholm (Left Hand Injury), Josh Archibald (Healthy), Jarred Tinordi (Strained Right Knee Injury)
Jonathan Racine (Healthy), Joseph Blandisi (Healthy), John Ramage (Strained Right Knee Injury), Tyler Motte (Healthy), Chris Calhan (Healthy)
Sergei Kostenko (Healthy)

Diables

5 vs 5 Forward 
   Center                   Left Wing                Right Wing               Time % Phy DF OF 
 1 Nick Bjugstad            Taylor Beck              Craig Smith              40     1   2  2  
 2 Tim Schaller             Christian Thomas         Jordan Caron             30     1   2  2  
 3 Louis Leblanc            Mitchell Moroz           Mikko Lehtonen           20     1   2  2  
 4 Elias Lindholm           Craig Smith              Michal Repik             10     1   2  2  

5 vs 5 Defense 
   Defense                  Defense                                           Time % Phy DF OF 
 1 Brandon Burlon           Carl Gunnarsson                                   40     1   2  2  
 2 Brian Dumoulin           Oscar Klefbom                                     30     1   2  2  
 3 Pavel Valentenko         Mark Fraser                                       20     1   2  2  
 4 Jeff Petry               Chris Bigras                                      10     1   2  2  

PowerPlay Forward 
   Center                   Left Wing                Right Wing               Time % Phy DF OF 
 1 Nick Bjugstad            Taylor Beck              Craig Smith              60     1   2  2  
 2 Tim Schaller             Christian Thomas         Jordan Caron             40     1   2  2  

PowerPlay Defense
   Defense                  Defense                                           Time % Phy DF OF 
 1 Brandon Burlon           Oscar Klefbom                                     60     1   2  2  
 2 Brian Dumoulin           Mark Fraser                                       40     1   2  2  

Penalty Kill 4 Players Forward 
   Center                   Wing                     Time % Phy DF OF 
 1 Craig Smith              Tim Schaller             60     1   2  2  
 2 Nick Bjugstad            Jordan Caron             40     1   2  2  

Penalty Kill 4 Players Defense
   Defense                  Defense                  Time % Phy DF OF 
 1 Brandon Burlon           Carl Gunnarsson          60     1   2  2  
 2 Brian Dumoulin           Mark Fraser              40     1   2  2  

Penalty Kill - 3 Players Forward 
   Forward                                           Time % Phy DF OF 
 1 Craig Smith                                       60     1   2  2  
 2 Tim Schaller                                      40     1   2  2  

Penalty Kill - 3 Players Defense
   Defense                  Defense                  Time % Phy DF OF 
 1 Brandon Burlon           Carl Gunnarsson          60     1   2  2  
 2 Brian Dumoulin           Mark Fraser              40     1   2  2  

4 vs 4 Forward 
   Center                   Wing                     Time % Phy DF OF 
 1 Craig Smith              Tim Schaller             60     1   2  2  
 2 Nick Bjugstad            Jordan Caron             40     1   2  2  

4 vs 4 Defense
   Defense                  Defense                  Time % Phy DF OF 
 1 Brandon Burlon           Carl Gunnarsson          60     1   2  2  
 2 Brian Dumoulin           Mark Fraser              40     1   2  2  

Last Minutes Offensive
   Center                   Left Wing                Right Wing               Defense                  Defense                  
   Tim Schaller             Taylor Beck              Craig Smith              Brandon Burlon           Carl Gunnarsson          

Last Minutes Defensive
   Center                   Left Wing                Right Wing               Defense                  Defense                  
   Tim Schaller             Taylor Beck              Craig Smith              Brandon Burlon           Carl Gunnarsson          

Goaltenders
Starting : Garret Sparks            
Backup : Malcolm Subban           

Extra Forwards
Normal : Daniel Zaar, Mikko Lehtonen, Michal Repik - PP : Daniel Zaar, Mikko Lehtonen - PK : Michal Repik
Extra Defensemen
Normal : Pavel Valentenko, Jeff Petry, Oscar Klefbom - PP : Pavel Valentenko - PK : Jeff Petry, Oscar Klefbom
Penalty Shots
Craig Smith, Tim Schaller, Nick Bjugstad, Jordan Caron, Taylor Beck

Scratches
Brandon Prust (Sprained Left Ankle Injury), Stephen Harper (Healthy), Emil Djuse (Healthy), Gemel Smith (Healthy), Jamie Oleksiak (Left Knee Injury)
Matt Lindblad (Healthy), Cole Cassels (Healthy), Jeremy Gregoire (Healthy), Scott Harrington (Healthy), Connor Hurley (Healthy)
Gustav Olofsson (Healthy), Andreas Johnsson (Healthy), Brett Ritchie (Healthy), Andrew O'Brien (Healthy), Marc-André Bourdon (Healthy)
Linus Ullmark (Healthy), Jack Campbell (Healthy)

% Time on Ice - Sewer Rats

Lines # - Real PCT - Wanted PCT - Time Play
Normal Forward
1 - 35% - 35% - 15:19
2 - 23% - 27% - 10:01
3 - 18% - 25% - 8:01
4 - 25% - 13% - 10:51
Normal Defense
1 - 37% - 40% - 16:29
2 - 32% - 30% - 14:18
3 - 27% - 20% - 11:45
4 - 4% - 10% - 1:40
PP Forward
1 - 61% - 60% - 4:24
2 - 39% - 40% - 2:47
PP Defense
1 - 56% - 60% - 4:01
2 - 44% - 40% - 3:10
PK Forward
1 - 71% - 60% - 6:06
2 - 29% - 40% - 2:31
PK Defense
1 - 60% - 60% - 5:08
2 - 40% - 40% - 3:29
PK3 Forward
1 - 0% - 60%
2 - 0% - 40%
PK3 Defense
1 - 0% - 60%
2 - 0% - 40%
44 Forward
1 - 76% - 60% - 0:38
2 - 24% - 40% - 0:12
44 Defense
1 - 54% - 60% - 0:27
2 - 46% - 40% - 0:23
Last Minute Offensive  - 0:00
Last Minute Defensive  - 0:00
Total
Forward - 60:50
Defense - 60:50

% Time on Ice - Diables

Lines # - Real PCT - Wanted PCT - Time Play
Normal Forward
1 - 29% - 40% - 12:56
2 - 29% - 30% - 12:53
3 - 28% - 20% - 12:16
4 - 14% - 10% - 6:07
Normal Defense
1 - 39% - 40% - 17:07
2 - 28% - 30% - 12:15
3 - 22% - 20% - 9:37
4 - 12% - 10% - 5:13
PP Forward
1 - 52% - 60% - 4:30
2 - 48% - 40% - 4:07
PP Defense
1 - 59% - 60% - 5:06
2 - 41% - 40% - 3:31
PK Forward
1 - 78% - 60% - 5:36
2 - 22% - 40% - 1:35
PK Defense
1 - 63% - 60% - 4:33
2 - 37% - 40% - 2:38
PK3 Forward
1 - 0% - 60%
2 - 0% - 40%
PK3 Defense
1 - 0% - 60%
2 - 0% - 40%
44 Forward
1 - 78% - 60% - 0:39
2 - 22% - 40% - 0:11
44 Defense
1 - 100% - 60% - 0:50
2 - 0% - 40% - 0:00
Last Minute Offensive  - 0:00
Last Minute Defensive  - 0:00
Total
Forward - 60:50
Defense - 60:50

Play by Play

1st period


0:01 of 1st period - Nick Bjugstad wins face-off versus Kyle Turris in neutral zone.
0:14 of 1st period - Slapshot by Craig Smith.
0:14 of 1st period - Stopped by Marek Mazanek with a rebound.
0:16 of 1st period - Slapshot by Brandon Burlon.
0:16 of 1st period - Stopped by Marek Mazanek with a rebound.
0:26 of 1st period - Carl Gunnarsson is hit by Martin Frk.
0:29 of 1st period - Off-side.
0:30 of 1st period - Jonathan Marchessault wins face-off versus Tim Schaller in neutral zone.
0:38 of 1st period - Jonathan Marchessault is hit by Brian Dumoulin and loses puck.
1:02 of 1st period - Minor Penalty to Tim Schaller for Roughing.
1:03 of 1st period - Craig Smith wins face-off versus Kyle Turris in Diables zone.
1:03 of 1st period - Craig Smith is hit by Ville Leino.
1:28 of 1st period - Steven Kampfer is hit by Nick Bjugstad and loses puck.
1:45 of 1st period - Snap shot by Mark Mancari.
1:45 of 1st period - Shot Blocked by Brandon Burlon.
1:47 of 1st period - Slapshot by Joel Edmundson.
1:47 of 1st period - Stopped by Garret Sparks with a rebound.
2:01 of 1st period - Wrist shot by Mark Mancari.
2:01 of 1st period - Shot Hit the Post.
2:03 of 1st period - Wrist shot by Ville Leino.
2:03 of 1st period - Deflect By Kyle Turris.
2:03 of 1st period - Goal by Kyle Turris - Sewer Rats : 1 - Diables : 0.
2:04 of 1st period - Dmitrij Jaskin wins face-off versus Louis Leblanc in neutral zone.
2:48 of 1st period - Snap shot by Jordan Caron.
2:48 of 1st period - Deflect By Tim Schaller.
2:48 of 1st period - Stopped by Marek Mazanek with a rebound.
2:50 of 1st period - Slapshot by Jeff Petry.
2:50 of 1st period - Deflect By Jordan Caron.
2:50 of 1st period - Shot Misses the Net.
2:50 of 1st period - Puck is out of play.
2:51 of 1st period - Craig Smith wins face-off versus Jonathan Marchessault in Sewer Rats zone.
3:24 of 1st period - Snap shot by Mikko Lehtonen.
3:24 of 1st period - Stopped by Marek Mazanek with a rebound.
3:26 of 1st period - Slapshot by Carl Gunnarsson.
3:26 of 1st period - Shot Blocked by Kyle Turris.
3:32 of 1st period - Minor Penalty to Kyle Turris for Boarding.
3:33 of 1st period - Ville Leino wins face-off versus Nick Bjugstad in Sewer Rats zone.
4:06 of 1st period - Snap shot by Oscar Klefbom.
4:06 of 1st period - Stopped by Marek Mazanek with a rebound.
4:08 of 1st period - Wrist shot by Jordan Caron.
4:08 of 1st period - Stopped by Marek Mazanek with a rebound.
4:10 of 1st period - Snap shot by Jordan Caron.
4:10 of 1st period - Shot Misses the Net.
5:32 of 1st period - Penalty to Kyle Turris is over, Kyle Turris is back on ice.
5:59 of 1st period - Snap shot by Kyle Turris.
5:59 of 1st period - Deflect By Mark Mancari.
5:59 of 1st period - Shot Misses the Net.
5:59 of 1st period - Puck is out of play.
6:00 of 1st period - Kyle Turris wins face-off versus Elias Lindholm in Diables zone.
6:05 of 1st period - Wrist shot by Kyle Turris.
6:05 of 1st period - Shot Misses the Net.
6:07 of 1st period - Snap shot by Jonathan Huberdeau.
6:07 of 1st period - Shot Misses the Net.
6:23 of 1st period - Snap shot by William Karlsson.
6:23 of 1st period - Shot Misses the Net.
6:41 of 1st period - Snap shot by Dmitrij Jaskin.
6:41 of 1st period - Stopped by Garret Sparks with a rebound.
6:57 of 1st period - Wrist shot by Mark Mancari.
6:57 of 1st period - Stopped by Garret Sparks with a rebound.
8:09 of 1st period - Snap shot by Jonathan Marchessault.
8:09 of 1st period - Shot Misses the Net.
8:26 of 1st period - Icing by Kyle Turris.
8:27 of 1st period - Kyle Turris wins face-off versus Nick Bjugstad in Sewer Rats zone.
8:27 of 1st period - Kyle Turris is hit by Taylor Beck.
9:49 of 1st period - Slapshot by Kyle Turris.
9:49 of 1st period - Stopped by Garret Sparks with a rebound.
10:39 of 1st period - Jordan Caron is hit by Ryan Murphy and loses puck.
11:14 of 1st period - Snap shot by Dmitrij Jaskin.
11:14 of 1st period - Stopped by Garret Sparks with a rebound.
11:16 of 1st period - Wrist shot by Dmitrij Jaskin.
11:16 of 1st period - Stopped by Garret Sparks with a rebound.
11:28 of 1st period - Mark Mancari is hit by Taylor Beck and loses puck.
11:50 of 1st period - Martin Frk is hit by Craig Smith and loses puck.
12:07 of 1st period - Jordan Caron is hit by Connor Carrick and loses puck.
12:28 of 1st period - Wrist shot by Nick Bjugstad.
12:28 of 1st period - Shot Blocked by Kyle Turris.
12:30 of 1st period - Snap shot by Nick Bjugstad.
12:30 of 1st period - Shot Misses the Net.
12:34 of 1st period - Wrist shot by Nick Bjugstad.
12:34 of 1st period - Goal by Nick Bjugstad - Sewer Rats : 1 - Diables : 1.
12:35 of 1st period - Christian Thomas wins face-off versus William Karlsson in neutral zone.
12:38 of 1st period - Slapshot by Tim Schaller.
12:38 of 1st period - Shot Misses the Net.
12:46 of 1st period - Snap shot by Ville Leino.
12:46 of 1st period - Shot Misses the Net.
15:11 of 1st period - Taylor Beck is hit by Mark Mancari and loses puck.
15:16 of 1st period - Snap shot by Jonathan Huberdeau.
15:16 of 1st period - Shot Misses the Net.
15:20 of 1st period - Snap shot by Jonathan Huberdeau.
15:20 of 1st period - Shot Misses the Net.
15:47 of 1st period - Slapshot by Jordan Caron.
15:47 of 1st period - Stopped by Marek Mazanek with a rebound.
15:49 of 1st period - Backhand shot by Tim Schaller.
15:49 of 1st period - Shot Blocked by Connor Carrick.
15:59 of 1st period - Snap shot by Michal Repik.
15:59 of 1st period - Stopped by Marek Mazanek without a rebound.
16:00 of 1st period - Elias Lindholm wins face-off versus Kyle Turris in Sewer Rats zone.
16:01 of 1st period - Slapshot by Michal Repik.
16:01 of 1st period - Stopped by Marek Mazanek with a rebound.
16:05 of 1st period - Snap shot by Michal Repik.
16:05 of 1st period - Shot Misses the Net.
16:07 of 1st period - Wrist shot by Michal Repik.
16:07 of 1st period - Deflect By Elias Lindholm.
16:07 of 1st period - Shot Blocked by Ryan Murphy.
16:07 of 1st period - Puck is out of play.
16:08 of 1st period - Kyle Turris wins face-off versus Nick Bjugstad in Sewer Rats zone.
16:08 of 1st period - Kyle Turris is hit by Taylor Beck.
16:42 of 1st period - Ville Leino is hit by Tim Schaller and loses puck.
16:55 of 1st period - Ryan Murphy is hit by Louis Leblanc and loses puck.
18:00 of 1st period - Off-side.
18:01 of 1st period - Tim Schaller wins face-off versus Nick Cousins in neutral zone.
18:50 of 1st period - Slapshot by Brandon Burlon.
18:50 of 1st period - Stopped by Marek Mazanek with a rebound.
19:22 of 1st period - Ryan Murphy is hit by Tim Schaller and loses puck.
19:33 of 1st period - Snap shot by Jordan Caron.
19:33 of 1st period - Stopped by Marek Mazanek with a rebound.
Goals for this period are 1 for Sewer Rats vs 1 for Diables.
Shots for this period are 7 for Sewer Rats vs 12 for Diables.

2nd period


0:01 of 2nd period - William Karlsson wins face-off versus Taylor Beck in neutral zone.
0:16 of 2nd period - Snap shot by William Karlsson.
0:16 of 2nd period - Shot Misses the Net.
1:11 of 2nd period - Icing by Michal Repik.
1:12 of 2nd period - Jonathan Marchessault wins face-off versus Elias Lindholm in Diables zone.
1:19 of 2nd period - Snap shot by Ville Leino.
1:19 of 2nd period - Shot Misses the Net.
1:27 of 2nd period - Snap shot by Jonathan Marchessault.
1:27 of 2nd period - Stopped by Garret Sparks with a rebound.
1:29 of 2nd period - Backhand shot by Martin Frk.
1:29 of 2nd period - Stopped by Garret Sparks without a rebound.
1:30 of 2nd period - Jonathan Huberdeau wins face-off versus Tim Schaller in Diables zone.
1:45 of 2nd period - Ryan Murphy is hit by Tim Schaller.
2:16 of 2nd period - Mikko Lehtonen is hit by Matt Lashoff and loses puck.
2:25 of 2nd period - Wrist shot by Mikko Lehtonen.
2:25 of 2nd period - Stopped by Marek Mazanek with a rebound.
3:28 of 2nd period - Joel Edmundson is hit by Tim Schaller and loses puck.
3:39 of 2nd period - Wrist shot by Ville Leino.
3:39 of 2nd period - Stopped by Garret Sparks without a rebound.
3:40 of 2nd period - Jonathan Marchessault wins face-off versus Michal Repik in Diables zone.
3:41 of 2nd period - Slapshot by Martin Frk.
3:41 of 2nd period - Shot Blocked by Brandon Burlon.
4:05 of 2nd period - Wrist shot by Michal Repik.
4:05 of 2nd period - Stopped by Marek Mazanek with a rebound.
4:11 of 2nd period - Slapshot by Craig Smith.
4:11 of 2nd period - Deflect By Elias Lindholm.
4:11 of 2nd period - Shot Blocked by Steven Kampfer.
4:11 of 2nd period - Puck is out of play.
4:12 of 2nd period - Tim Schaller wins face-off versus Kyle Turris in Sewer Rats zone.
4:37 of 2nd period - Ville Leino is hit by Mikko Lehtonen.
5:00 of 2nd period - Slapshot by Dmitrij Jaskin.
5:00 of 2nd period - Stopped by Garret Sparks with a rebound.
6:06 of 2nd period - Snap shot by Dmitrij Jaskin.
6:06 of 2nd period - Shot Misses the Net.
6:08 of 2nd period - Snap shot by Matt Lashoff.
6:08 of 2nd period - Stopped by Garret Sparks with a rebound.
7:13 of 2nd period - Brandon Burlon is hit by Kyle Turris and loses puck.
7:38 of 2nd period - Carl Gunnarsson is hit by Daniel Carr.
7:50 of 2nd period - Slapshot by Taylor Beck.
7:50 of 2nd period - Shot Misses the Net.
7:56 of 2nd period - Craig Smith is hit by Kyle Turris and loses puck.
8:13 of 2nd period - Wrist shot by Daniel Carr.
8:13 of 2nd period - Shot Blocked by Brandon Burlon.
8:15 of 2nd period - Slapshot by Connor Carrick.
8:15 of 2nd period - Stopped by Garret Sparks without a rebound.
8:16 of 2nd period - Elias Lindholm wins face-off versus Nick Cousins in Diables zone.
8:55 of 2nd period - Minor Penalty to Matt Lashoff for Slashing.
8:56 of 2nd period - Craig Smith wins face-off versus Ville Leino in Sewer Rats zone.
9:32 of 2nd period - Backhand shot by Tim Schaller.
9:32 of 2nd period - Shot Misses the Net.
10:02 of 2nd period - Wrist shot by Mark Mancari.
10:02 of 2nd period - Stopped by Garret Sparks without a rebound.
10:03 of 2nd period - Mark Mancari wins face-off versus Nick Bjugstad in Diables zone.
10:55 of 2nd period - Penalty to Matt Lashoff is over, Matt Lashoff is back on ice.
11:06 of 2nd period - Snap shot by Mikko Lehtonen.
11:06 of 2nd period - Stopped by Marek Mazanek with a rebound.
11:20 of 2nd period - Snap shot by Ville Leino.
11:20 of 2nd period - Shot Misses the Net.
11:26 of 2nd period - Snap shot by Ville Leino.
11:26 of 2nd period - Shot Blocked by Jeff Petry.
11:28 of 2nd period - Slapshot by Steven Kampfer.
11:28 of 2nd period - Stopped by Garret Sparks without a rebound.
11:29 of 2nd period - Nick Bjugstad wins face-off versus Kyle Turris in Diables zone.
11:31 of 2nd period - Minor Penalty to Taylor Beck for High sticking.
11:32 of 2nd period - Jonathan Marchessault wins face-off versus Craig Smith in Diables zone.
11:34 of 2nd period - Snap shot by Jonathan Marchessault.
11:34 of 2nd period - Stopped by Garret Sparks with a rebound.
11:36 of 2nd period - Snap shot by Matt Lashoff.
11:36 of 2nd period - Stopped by Garret Sparks with a rebound.
11:38 of 2nd period - Slapshot by Joel Edmundson.
11:38 of 2nd period - Shot Blocked by Brandon Burlon.
11:40 of 2nd period - Slapshot by Joel Edmundson.
11:40 of 2nd period - Stopped by Garret Sparks with a rebound.
11:42 of 2nd period - Snap shot by Jonathan Huberdeau.
11:42 of 2nd period - Shot Misses the Net.
11:44 of 2nd period - Snap shot by Jonathan Huberdeau.
11:44 of 2nd period - Goal by Jonathan Huberdeau - Sewer Rats : 2 - Diables : 1.
11:45 of 2nd period - Nick Bjugstad wins face-off versus William Karlsson in neutral zone.
11:55 of 2nd period - Minor Penalty to Nick Bjugstad for Holding.
11:56 of 2nd period - Kyle Turris wins face-off versus Craig Smith in Diables zone.
12:10 of 2nd period - Craig Smith is hit by Matt Lashoff.
13:55 of 2nd period - Penalty to Nick Bjugstad is over, Nick Bjugstad is back on ice.
14:02 of 2nd period - Louis Leblanc is hit by Anthony Duclair and loses puck.
14:14 of 2nd period - Off-side.
14:15 of 2nd period - William Karlsson wins face-off versus Nick Bjugstad in neutral zone.
15:10 of 2nd period - Icing by Tim Schaller.
15:11 of 2nd period - Nick Bjugstad wins face-off versus Kyle Turris in Diables zone.
15:29 of 2nd period - Minor Penalty to Craig Smith for Hooking.
15:30 of 2nd period - Kyle Turris wins face-off versus Michal Repik in Diables zone.
17:29 of 2nd period - Penalty to Craig Smith is over, Craig Smith is back on ice.
17:35 of 2nd period - Chris Bigras is hit by Daniel Carr and loses puck.
17:46 of 2nd period - Wrist shot by Nick Cousins.
17:46 of 2nd period - Stopped by Garret Sparks without a rebound.
17:47 of 2nd period - Elias Lindholm wins face-off versus Nick Cousins in Diables zone.
18:01 of 2nd period - Minor Penalty to Craig Smith for Hooking.
18:02 of 2nd period - Kyle Turris wins face-off versus Michal Repik in Diables zone.
19:03 of 2nd period - Nick Bjugstad is hit by Jonathan Marchessault and loses puck.
19:24 of 2nd period - Snap shot by Michal Repik.
19:24 of 2nd period - Stopped by Marek Mazanek with a rebound.
Goals for this period are 1 for Sewer Rats vs 0 for Diables.
Shots for this period are 13 for Sewer Rats vs 4 for Diables.

3rd period


0:01 of 3rd period - Penalty to Craig Smith is over, Craig Smith is back on ice.
0:01 of 3rd period - Michal Repik wins face-off versus Kyle Turris in neutral zone.
0:50 of 3rd period - Wrist shot by Craig Smith.
0:50 of 3rd period - Shot Misses the Net.
1:15 of 3rd period - Slapshot by Jonathan Huberdeau.
1:15 of 3rd period - Stopped by Garret Sparks without a rebound.
1:16 of 3rd period - Kyle Turris wins face-off versus Christian Thomas in Diables zone.
1:52 of 3rd period - Anthony Duclair is hit by Mitchell Moroz and loses puck.
2:03 of 3rd period - Snap shot by Ville Leino.
2:03 of 3rd period - Shot Misses the Net.
2:05 of 3rd period - Wrist shot by Jonathan Marchessault.
2:05 of 3rd period - Shot Blocked by Pavel Valentenko.
4:39 of 3rd period - Nick Bjugstad is hit by Dmitrij Jaskin and loses puck.
5:08 of 3rd period - Daniel Carr is hit by Louis Leblanc.
5:50 of 3rd period - Icing by Ryan Murphy.
5:51 of 3rd period - Tim Schaller wins face-off versus William Karlsson in Sewer Rats zone.
5:52 of 3rd period - Snap shot by Jordan Caron.
5:52 of 3rd period - Shot Blocked by Ryan Murphy.
6:04 of 3rd period - Slapshot by Mark Fraser.
6:04 of 3rd period - Stopped by Marek Mazanek without a rebound.
6:05 of 3rd period - Kyle Turris wins face-off versus Mikko Lehtonen in Sewer Rats zone.
6:12 of 3rd period - Snap shot by Mikko Lehtonen.
6:12 of 3rd period - Shot Hit the Post.
6:14 of 3rd period - Snap shot by Mikko Lehtonen.
6:14 of 3rd period - Stopped by Marek Mazanek with a rebound.
6:16 of 3rd period - Snap shot by Carl Gunnarsson.
6:16 of 3rd period - Deflect By Mikko Lehtonen.
6:16 of 3rd period - Shot Blocked by Matt Lashoff.
6:16 of 3rd period - Puck is out of play.
6:17 of 3rd period - Jonathan Marchessault wins face-off versus Nick Bjugstad in Sewer Rats zone.
6:31 of 3rd period - Minor Penalty to Jonathan Marchessault for Slashing.
6:32 of 3rd period - Nick Bjugstad wins face-off versus Ville Leino in Sewer Rats zone.
8:30 of 3rd period - Oscar Klefbom is hit by Mark Mancari and loses puck.
8:31 of 3rd period - Penalty to Jonathan Marchessault is over, Jonathan Marchessault is back on ice.
9:03 of 3rd period - Wrist shot by Mark Mancari.
9:03 of 3rd period - Shot Misses the Net.
9:05 of 3rd period - Snap shot by Matt Lashoff.
9:05 of 3rd period - Shot Blocked by Brandon Burlon.
9:07 of 3rd period - Wrist shot by Mark Mancari.
9:07 of 3rd period - Stopped by Garret Sparks with a rebound.
9:09 of 3rd period - Wrist shot by Mark Mancari.
9:09 of 3rd period - Shot Misses the Net.
9:11 of 3rd period - Slapshot by Mark Mancari.
9:11 of 3rd period - Stopped by Garret Sparks with a rebound.
9:13 of 3rd period - Slapshot by Connor Carrick.
9:13 of 3rd period - Stopped by Garret Sparks without a rebound.
9:14 of 3rd period - Mikko Lehtonen wins face-off versus William Karlsson in Diables zone.
9:42 of 3rd period - Snap shot by Craig Smith.
9:42 of 3rd period - Shot Blocked by Anthony Duclair.
9:44 of 3rd period - Backhand shot by Taylor Beck.
9:44 of 3rd period - Deflect By Craig Smith.
9:44 of 3rd period - Stopped by Marek Mazanek without a rebound.
9:45 of 3rd period - Nick Cousins wins face-off versus Nick Bjugstad in Sewer Rats zone.
9:47 of 3rd period - Minor Penalty to Anthony Duclair for Interference.
9:48 of 3rd period - Ville Leino wins face-off versus Nick Bjugstad in Sewer Rats zone.
9:48 of 3rd period - Ville Leino is hit by Brian Dumoulin.
9:59 of 3rd period - Wrist shot by Taylor Beck.
9:59 of 3rd period - Stopped by Marek Mazanek with a rebound.
10:01 of 3rd period - Slapshot by Craig Smith.
10:01 of 3rd period - Shot Blocked by Kyle Turris.
10:03 of 3rd period - Snap shot by Nick Bjugstad.
10:03 of 3rd period - Shot Misses the Net.
11:19 of 3rd period - Craig Smith is hit by Mark Mancari and loses puck.
11:38 of 3rd period - Brandon Burlon is hit by Steven Kampfer and loses puck.
11:47 of 3rd period - Penalty to Anthony Duclair is over, Anthony Duclair is back on ice.
12:01 of 3rd period - Snap shot by Martin Frk.
12:01 of 3rd period - Shot Blocked by Oscar Klefbom.
12:03 of 3rd period - Slapshot by Martin Frk.
12:03 of 3rd period - Shot Blocked by Brandon Burlon.
12:05 of 3rd period - Slapshot by Joel Edmundson.
12:05 of 3rd period - Stopped by Garret Sparks with a rebound.
12:33 of 3rd period - Slapshot by Oscar Klefbom.
12:33 of 3rd period - Deflect By Tim Schaller.
12:33 of 3rd period - Shot Misses the Net.
12:33 of 3rd period - Puck is out of play.
12:34 of 3rd period - Louis Leblanc wins face-off versus William Karlsson in Sewer Rats zone.
12:35 of 3rd period - Backhand shot by Mikko Lehtonen.
12:35 of 3rd period - Shot Misses the Net.
12:37 of 3rd period - Snap shot by Mikko Lehtonen.
12:37 of 3rd period - Stopped by Marek Mazanek without a rebound.
12:38 of 3rd period - Ville Leino wins face-off versus Mitchell Moroz in Sewer Rats zone.
12:45 of 3rd period - Slapshot by Ville Leino.
12:45 of 3rd period - Stopped by Garret Sparks without a rebound.
12:46 of 3rd period - Craig Smith wins face-off versus William Karlsson in Diables zone.
12:55 of 3rd period - Slapshot by Mark Fraser.
12:55 of 3rd period - Stopped by Marek Mazanek with a rebound.
13:24 of 3rd period - Slapshot by Mikko Lehtonen.
13:24 of 3rd period - Shot Misses the Net.
13:36 of 3rd period - Snap shot by Craig Smith.
13:36 of 3rd period - Shot Misses the Net.
13:38 of 3rd period - Snap shot by Michal Repik.
13:38 of 3rd period - Shot Blocked by Connor Carrick.
13:40 of 3rd period - Slapshot by Brandon Burlon.
13:40 of 3rd period - Deflect By Michal Repik.
13:40 of 3rd period - Shot Misses the Net.
13:40 of 3rd period - Puck is out of play.
13:41 of 3rd period - Jonathan Marchessault wins face-off versus Elias Lindholm in Sewer Rats zone.
13:43 of 3rd period - Minor Penalty to Jonathan Marchessault for High sticking.
13:44 of 3rd period - Ville Leino wins face-off versus Craig Smith in Sewer Rats zone.
14:24 of 3rd period - Slapshot by Brandon Burlon.
14:24 of 3rd period - Deflect By Mark Mancari.
14:24 of 3rd period - Goal by Brandon Burlon - Sewer Rats : 2 - Diables : 2.
14:25 of 3rd period - Nick Bjugstad wins face-off versus Jonathan Marchessault in neutral zone.
15:13 of 3rd period - Slapshot by Brandon Burlon.
15:13 of 3rd period - Shot Misses the Net.
15:15 of 3rd period - Snap shot by Mitchell Moroz.
15:15 of 3rd period - Shot Misses the Net.
15:17 of 3rd period - Wrist shot by Mitchell Moroz.
15:17 of 3rd period - Shot Blocked by Anthony Duclair.
15:19 of 3rd period - Snap shot by Louis Leblanc.
15:19 of 3rd period - Stopped by Marek Mazanek with a rebound.
15:54 of 3rd period - Icing by Jordan Caron.
15:55 of 3rd period - William Karlsson wins face-off versus Tim Schaller in Diables zone.
15:58 of 3rd period - Slapshot by William Karlsson.
15:58 of 3rd period - Stopped by Garret Sparks without a rebound.
15:59 of 3rd period - William Karlsson wins face-off versus Nick Bjugstad in Diables zone.
16:20 of 3rd period - Ville Leino is hit by Brian Dumoulin and loses puck.
16:57 of 3rd period - Slapshot by Brandon Burlon.
16:57 of 3rd period - Stopped by Marek Mazanek without a rebound.
16:58 of 3rd period - Nick Bjugstad wins face-off versus Jonathan Marchessault in Sewer Rats zone.
17:23 of 3rd period - Christian Thomas is hit by Jonathan Huberdeau and loses puck.
18:15 of 3rd period - Icing by Jordan Caron.
18:16 of 3rd period - Jonathan Marchessault wins face-off versus Taylor Beck in Diables zone.
18:50 of 3rd period - Snap shot by Louis Leblanc.
18:50 of 3rd period - Stopped by Marek Mazanek with a rebound.
18:52 of 3rd period - Snap shot by Louis Leblanc.
18:52 of 3rd period - Shot Misses the Net.
18:54 of 3rd period - Wrist shot by Mikko Lehtonen.
18:54 of 3rd period - Stopped by Marek Mazanek without a rebound.
18:55 of 3rd period - Jonathan Marchessault wins face-off versus Louis Leblanc in Sewer Rats zone.
19:34 of 3rd period - Icing by Oscar Klefbom.
19:35 of 3rd period - Kyle Turris wins face-off versus Nick Bjugstad in Diables zone.
19:56 of 3rd period - Kyle Turris is hit by Taylor Beck and loses puck.
Goals for this period are 0 for Sewer Rats vs 1 for Diables.
Shots for this period are 7 for Sewer Rats vs 11 for Diables.

Overtime #1


0:01 of 1st overtime period - Ville Leino wins face-off versus Craig Smith in neutral zone.
0:12 of 1st overtime period - Wrist shot by Kyle Turris.
0:12 of 1st overtime period - Shot Blocked by Tim Schaller.
0:44 of 1st overtime period - Slapshot by Carl Gunnarsson.
0:44 of 1st overtime period - Stopped by Marek Mazanek with a rebound.
0:50 of 1st overtime period - Slapshot by Nick Bjugstad.
0:50 of 1st overtime period - Deflect By Jordan Caron.
0:50 of 1st overtime period - Goal by Jordan Caron - Sewer Rats : 2 - Diables : 3.
Goals for this period are 0 for Sewer Rats vs 1 for Diables.
Shots for this period are 0 for Sewer Rats vs 2 for Diables.